 Dungeon Crawl Stone Soup version 0.23.2-40-g277498a001 (webtiles) character file.

Game seed: 2168321460265681546

18465 Exodus22XD the Thaumaturge (level 12, -13/59 HPs)
             Began as a Deep Elf Wizard on Sept 21, 2019.
             Was an Elder of Vehumet.
             Hit by a poisoned javelin thrown by a minotaur (36 damage)
             ... in a Gauntlet.
             The game lasted 01:56:24 (17115 turns).

Exodus22XD the Thaumaturge (Deep Elf Wizard)       Turns: 17115, Time: 01:56:26

Health: -13/59     AC: 18    Str:  4    XL:     12   Next: 27%
Magic:  12/31      EV: 11    Int: 36    God:    Vehumet [****..]
Gold:   138        SH:  0    Dex: 14    Spells: 2/37 levels left

rFire    + + .     SeeInvis +   o - staff of poison
rCold    + . .     Gourm    .   (no shield)
rNeg     . . .     Faith    .   C - +1 leather armour of Trog's Approval {rF+ Int+3 Dex-5 SInv}
rPois    +         Spirit   .   b - +0 hat
rElec    .         Reflect  .   L - scarf {rC+ rF+}
rCorr    .         Harm     .   a - +0 pair of gloves
MR       +....     NoTele   +   Y - +0 pair of boots "Qeucauss" {rPois Dex+6 Stlth-}
Stlth    +.........             (no amulet)
HPRegen  0.19/turn              q - +4 ring of intelligence
MPRegen  0.22/turn              r - +3 ring of protection

@: icy armour
A: no striking features
a: Renounce Religion


You were in a Gauntlet.
You worshipped Vehumet.
Vehumet was greatly pleased with you.
You were hungry.

You visited 3 branches of the dungeon, and saw 14 of its levels.
You also visited: Sewer and Gauntlet.

You collected 870 gold pieces.
You spent 732 gold pieces at shops.

Inventory:

Hand Weapons
 c - a +0 short sword
 j - a +1 vampiric dagger
 U - the +8 glaive of the Guard {elec, +Rage AC+5 SInv}
   (You found it in a Gauntlet)

   Occasionally, upon striking a foe, it will discharge some electrical energy
   and cause terrible harm.
   It affects your AC (+5).
   It lets you see invisible.
   It lets you go berserk.
Armour
 a - a +0 pair of gloves (worn)
 b - a +0 hat (worn)
 m - the +0 robe of Action {rElec rN+}
   (You found it on level 4 of the Dungeon)

   It insulates you from electricity.
   It protects you from negative energy.
 t - the +1 robe "Walis" {rC++}
   (You found it on level 5 of the Dungeon)

   It greatly protects you from cold.
 C - the +1 leather armour of Trog's Approval (worn) {rF+ Int+3 Dex-5 SInv}
   (You found it on level 8 of the Dungeon)

   It affects your intelligence (+3).
   It affects your dexterity (-5).
   It protects you from fire.
   It lets you see invisible.
 L - a scarf of resistance (worn)
 Y - the +0 pair of boots "Qeucauss" (worn) {rPois Dex+6 Stlth-}
   (You found it in a Gauntlet)

   It affects your dexterity (+6).
   It protects you from poison.
   It makes you less stealthy.
Magical Staves
 o - an uncursed staff of poison (weapon)
Jewellery
 q - a +4 ring of intelligence (left hand)
 r - a +3 ring of protection (right hand)
 B - an uncursed ring of fire
 J - an uncursed ring of resist corrosion
 K - an uncursed ring of wizardry
 X - an uncursed ring of stealth
Wands
 x - a wand of flame (27)
 D - a wand of enslavement (9)
 N - a wand of clouds (6)
 O - a wand of iceblast (10)
 Q - a wand of acid (7)
 T - a wand of random effects (18)
Scrolls
 k - 4 scrolls of enchant armour
 l - 5 scrolls of magic mapping
 p - 8 scrolls of teleportation
 s - 3 scrolls of fog
 u - 4 scrolls of remove curse
 v - 2 scrolls of amnesia {unknown}
 w - 2 scrolls of immolation
 y - 2 scrolls of fear
 A - a scroll of enchant weapon {unknown}
 F - 2 scrolls of blinking {unknown}
 H - a scroll of random uselessness {unknown}
 M - a scroll of brand weapon {unknown}
 P - a scroll of silence {unknown}
 R - a scroll of torment {unknown}
 S - 2 scrolls of identify
Potions
 e - 3 potions of heal wounds
 f - a potion of lignification {unknown}
 g - 5 potions of curing
 h - 2 potions of haste
 i - 2 potions of flight {unknown}
 n - 3 potions of berserk rage {unknown}
 z - a potion of ambrosia {unknown}
 E - 2 potions of might {unknown}
 G - 2 potions of agility {unknown}
 I - a potion of resistance {unknown}
 V - 2 potions of mutation {unknown}
 W - a potion of brilliance {unknown}
Comestibles
 d - 19 rations


   Skills:
 - Level 2.4 Dodging
 - Level 2.4 Stealth
 - Level 13.4 Spellcasting
 - Level 11.3 Conjurations
 * Level 10.2 Summonings
 - Level 1.1 Translocations
 - Level 10.0 Ice Magic
 - Level 6.5 Evocations


You had 2 spell levels left.
You knew the following spells:

 Your Spells              Type           Power        Failure   Level  Hunger
a - Magic Dart            Conj           ####         1%          1    None
b - Call Imp              Summ           #######.     1%          2    None
c - Blink                 Tloc           N/A          2%          2    None
d - Conjure Flame         Conj/Fire      ######..     1%          3    None
e - Mephitic Cloud        Conj/Pois/Air  ######..     1%          3    None
f - Freeze                Ice            ####         1%          1    None
g - Searing Ray           Conj           ######       1%          2    None
h - Throw Icicle          Conj/Ice       #######.     1%          4    None
i - Summon Ice Beast      Ice/Summ       #######.     1%          4    None
j - Ice Form              Ice/Tmut       ######..     3%          4    None
k - Freezing Cloud        Conj/Ice/Air   ######....   7%          6    ###....
l - Ozocubu's Armour      Chrm/Ice       ######..     1%          3    None

Your spell library contained the following spells:

 Spells                   Type           Power        Failure   Level  Hunger
 Ignite Poison            Fire/Tmut/Pois #####...     2%          3    None
 Flame Tongue             Conj/Fire      #####        1%          1    None
 Sting                    Conj/Pois      ####         1%          1    None
 Summon Small Mammal      Summ           ####         1%          1    None
 Throw Flame              Conj/Fire      ######       1%          2    None
 Throw Frost              Conj/Ice       ######       1%          2    None
 Beastly Appendage        Tmut           ###...       3%          1    None
 Confusing Touch          Hex            ###...       3%          1    None
 Poisonous Vapours        Pois/Air       #####.       4%          2    None
 Slow                     Hex            ###.....     4%          2    None
 Sticks to Snakes         Tmut           ###.....     4%          2    None
 Call Canine Familiar     Summ           #######.     1%          3    None
 Summon Guardian Golem    Hex/Summ       ######..     1%          3    None
 Sticky Flame             Conj/Fire      ######..     1%          4    None
 Inner Flame              Hex/Fire       ###.....     2%          3    None
 Fireball                 Conj/Fire      ######....   2%          5    None
 Venom Bolt               Conj/Pois      #######...   2%          5    None
 Summon Lightning Spire   Summ/Air       ######..     3%          4    None
 Gell's Gravitas          Tloc           ####......   5%          3    None
 Olgreb's Toxic Radiance  Pois           #####...     8%          4    None
 Confuse                  Hex            ###.....     9%          3    None
 Spider Form              Tmut/Pois      #####.....   9%          3    None
 Metabolic Englaciation   Hex/Ice        ######....   11%         5    None
 Yara's Violent Unravell  Hex/Tmut       ###.......   21%         5    None
 Petrify                  Tmut/Erth      ###.....     28%         4    None
 Blade Hands              Tmut           ###.......   63%         5    None


Dungeon Overview and Level Annotations

Branches:
Dungeon (10/15)            Temple (1/1) D:6            Lair (3/6) D:8
 Shoals (0/4) Lair:2
  Snake: Lair:2-4    Spider: Lair:2-4       Orc: D:9-12

Altars:
Cheibriados
Dithmenos
Elyvilon
Makhleb
Nemelex Xobeh
Okawaru
Qazlal
Ru
Sif Muna
Trog
Uskayaw
Vehumet
The Shining One

Shops:
D:4 !   D:7 *   D:8 [

Annotations:
D:9 3 runed translucent doors, Erolcha; Frank2's ghost, novice DgGl
D:10 3 runed translucent doors, Acheron's ghost, novice GrGl
Lair:2 1 runed translucent door Gauntlet 8 transporters, 3 runed translucent doors, exclusions: lightning spire and orange crystal statue


Message History

The minotaur is engulfed in freezing vapours.
The minotaur throws a poisoned javelin.
The poisoned javelin hits your ice beast!
Your ice beast looks as sick as possible!
Unknown command.
Unknown command.
The minotaur is engulfed in freezing vapours.
The minotaur throws a poisoned javelin.
The poisoned javelin barely misses your ice beast.
The poisoned javelin hits you!!
* * * LOW HITPOINT WARNING * * *
You are lethally poisoned!
You feel better.
Your ice beast hits the minotaur.
Your ice beast freezes the minotaur!
The minotaur resists.
The minotaur is engulfed in freezing vapours.
The minotaur throws a poisoned javelin.
The poisoned javelin barely misses your ice beast.
The poisoned javelin hits you!!!
Ouch! That really hurt!
You die...

≈................................
#..♣P.P♣..P♣...♣P..........♣..P♣.
≈................P...∩...........
≈≈#≈≈≈#≈≈≈#≈≈≈#..♣.......♣..#≈≈≈#
≈###≈###≈###≈###...........###≈##
# ### ### ################# ###
#.................
#.♣.♣.©.©.©.©.♣.♣.#
#..(@.............
###.#(#######.#.### #.#.YH.#
..#.# #.#.##§# #.# # #...§ .§§
#.#..##'## #.#..# H8 #....# ..#
#8.# 8#


You could see a minotaur and a friendly ice beast.

Vanquished Creatures
  Harold (D:9)
  A hydra (D:7)
  2 centaur warriors
  A catoblepas (Lair:2)
  A death yak (Lair:2)
  A worldbinder (Gauntlet)
  3 merfolk sirens (Lair:2)
  An oklob plant (Lair:2)
  2 black mambas (Lair:2)
  2 spiny frogs
  A komodo dragon (Lair:2)
  A troll (D:10)
  A tyrant leech (Gauntlet)
  A merfolk (Lair:2)
  9 blink frogs (Lair:2)
  A slime creature (D:9)
  3 hippogriffs
  A human (D:7)
  10 yaks
  4 hogs (D:7)
  2 hungry ghosts
  A basilisk (Lair:2)
  3 swamp worms (Gauntlet)
  Menkaure (D:4)
  4 water moccasins
  A porcupine (Lair:1)
  3 phantoms
  An ice beast (D:6)
  A sky beast (D:7)
  4 orc warriors
  2 black bears
  A boggart (Gauntlet)
  2 necrophages
  3 ogres
  2 centaurs
  9 wolves
  5 crocodiles
  2 big kobolds
  6 bullfrogs
  A gnoll sergeant (D:7)
  2 scorpions
  A killer bee (D:9)
  6 wights
  8 howler monkeys
  5 crimson imps
  A centaur zombie (D:6)
  4 hounds
  7 orc priests
  2 bullfrog skeletons
  A centaur skeleton (D:10)
  3 jellies
  7 orc wizards
  An iguana (D:6)
  4 worker ants
  A killer bee zombie (D:8)
  4 hound skeletons
  12 adders
  4 gnolls
  A howler monkey skeleton (D:4)
  A shadow imp (D:9)
  An adder zombie (D:9)
  An adder skeleton (D:10)
  5 worms
  3 dart slugs (D:1)
  5 leopard geckos
  40 orcs
  9 bats
  2 giant cockroaches (D:1)
  8 goblins
  8 hobgoblins
  7 jackals
  20 kobolds
  12 quokkas
  5 ball pythons
  11 frilled lizards
  2 quokka zombies
  4 rats
  3 plants (Lair:2)
322 creatures vanquished.

Vanquished Creatures (collateral kills)
  A manticore (D:9)
  A gargoyle (D:10)
  A chaos spawn (Gauntlet)
  An ice beast (D:9)
  A worker ant (D:5)
5 creatures vanquished.

Vanquished Creatures (others)
  8 fungi (Lair:2)
  2 plants (Lair:2)
  5 toadstools (Lair:2)
15 creatures vanquished.

Grand Total: 342 creatures vanquished

Notes
Turn   | Place    | Note
-------+----------+-------------------------------------------
     0 | D:1      | Exodus22XD the Deep Elf Wizard began the quest for the Orb.
     0 | D:1      | Reached XP level 1. HP: 10/10 MP: 7/7
   205 | D:1      | Reached XP level 2. HP: 15/15 MP: 3/9
   913 | D:2      | Reached XP level 3. HP: 19/19 MP: 0/10
  1438 | D:2      | Reached XP level 4. HP: 24/24 MP: 2/12
  1445 | D:2      | Learned a level 2 spell: Call Imp
  1448 | D:2      | Learned a level 2 spell: Blink
  1452 | D:2      | Learned a level 3 spell: Conjure Flame
  1456 | D:2      | Learned a level 3 spell: Mephitic Cloud
  1645 | D:2      | Found a burning altar of Makhleb.
  2247 | D:3      | Found a bloodstained altar of Trog.
  2691 | D:4      | Found Qod Uhad's Distillery.
  2708 | D:4      | Reached XP level 5. HP: 28/28 MP: 10/13
  3128 | D:4      | Got an ancient robe
  3139 | D:4      | Identified the cursed +0 robe of Action {rElec rN+} (You
                  | found it on level 4 of the Dungeon)
  3365 | D:4      | Noticed Menkaure
  3377 | D:4      | Killed Menkaure
  3377 | D:4      | Reached XP level 6. HP: 20/32 MP: 6/14
  3507 | D:4      | Reached skill level 5 in Spellcasting
  3696 | D:5      | Entered Level 5 of the Dungeon
  3797 | D:4      | Bought a potion of heal wounds for 55 gold pieces
  3797 | D:4      | Bought a potion of curing for 33 gold pieces
  4185 | D:5      | Reached skill level 6 in Spellcasting
  4351 | D:5      | Got a sheer robe
  4370 | D:5      | Identified the cursed +1 robe "Walis" {rC++} (You found it
                  | on level 5 of the Dungeon)
  4414 | D:5      | Reached skill level 7 in Spellcasting
  4414 | D:5      | Reached XP level 7. HP: 36/36 MP: 12/19
  4509 | D:5      | Reached skill level 8 in Spellcasting
  5007 | D:6      | Found a sacrificial altar of Ru.
  5045 | D:6      | Reached skill level 9 in Spellcasting
  5304 | D:6      | Reached skill level 10 in Spellcasting
  5378 | D:6      | Reached XP level 8. HP: 35/41 MP: 9/24
  5395 | D:6      | Found a glowing drain.
  5404 | Sewer    | Entered a sewer
  6123 | D:6      | Reached skill level 11 in Spellcasting
  6447 | D:6      | Reached skill level 5 in Conjurations
  6701 | D:6      | Found a staircase to the Ecumenical Temple.
  6706 | Temple   | Entered the Ecumenical Temple
  6722 | Temple   | Became a worshipper of Vehumet
  7067 | D:7      | Noticed a five-headed hydra
  7304 | D:7      | Noticed a hippogriff
  7311 | D:7      | Killed a hippogriff
  7311 | D:7      | Reached XP level 9. HP: 34/45 MP: 17/26
  7363 | D:7      | Found Nammyoj's Elemental Accessories.
  8015 | D:7      | Killed a five-headed hydra
  8015 | D:7      | Reached * piety under Vehumet
  8015 | D:7      | Offered knowledge of Flame Tongue by Vehumet.
  8015 | D:7      | Reached skill level 10 in Conjurations
  8608 | D:7      | Reached skill level 12 in Spellcasting
  8608 | D:7      | Reached XP level 10. HP: 43/50 MP: 7/28
  9454 | D:8      | Found a staircase to the Lair.
  9501 | D:8      | Found Waeqag's Armour Shoppe.
  9661 | D:8      | Got a brightly glowing leather armour
  9764 | D:8      | Reached ** piety under Vehumet
  9764 | D:8      | Offered knowledge of Freeze by Vehumet.
  9962 | D:9      | Noticed Erolcha
 10040 | D:9      | Learned a level 1 spell: Freeze
 10051 | D:9      | Reached skill level 13 in Spellcasting
 10278 | D:9      | Noticed a centaur warrior
 10319 | D:9      | Noticed a manticore
 10344 | D:9      | Killed a centaur warrior
 10347 | D:9      | Noticed Harold
 10527 | D:8      | Identified the +1 leather armour of Trog's Approval {rF+
                  | Int+3 Dex-5 SInv} (You found it on level 8 of the Dungeon)
 10529 | Lair:1   | Entered Level 1 of the Lair of Beasts
 10538 | Lair:1   | Offered knowledge of Searing Ray by Vehumet.
 10538 | Lair:1   | Reached skill level 1 in Evocations
 10711 | Lair:1   | Reached *** piety under Vehumet
 10711 | Lair:1   | Reached skill level 5 in Evocations
 10766 | Lair:1   | Learned a level 2 spell: Searing Ray
 10816 | Lair:1   | Noticed a spiny frog
 10828 | Lair:1   | Killed a spiny frog
 10828 | Lair:1   | Reached XP level 11. HP: 29/54 MP: 10/30
 11229 | Lair:2   | Reached skill level 5 in Ice Magic
 12174 | Lair:2   | Offered knowledge of Throw Icicle by Vehumet.
 12264 | Lair:2   | Noticed a catoblepas
 12297 | Lair:2   | Noticed a death yak
 12585 | Lair:2   | Found a staircase to the Shoals.
 12822 | Lair:2   | Reached skill level 10 in Ice Magic
 12895 | Lair:2   | Reached skill level 5 in Summonings
 12903 | Lair:2   | Noticed an oklob plant
 13194 | D:7      | Found Nammyoj's Elemental Accessories.
 13204 | D:7      | Bought the Handbook of the Frostbite for 644 gold pieces
 13884 | D:9      | Learned a level 4 spell: Throw Icicle
 13889 | D:9      | Learned a level 4 spell: Summon Ice Beast
 13894 | D:9      | Learned a level 4 spell: Ice Form
 13901 | D:9      | Learned a level 6 spell: Freezing Cloud
 13985 | D:9      | Killed Harold
 14010 | D:9      | Got a smoking brass ring
 14035 | D:9      | Identified the ring "Lydaocso" {rN+ Str-3 Dex+6 Slay+6}
                  | (You found it on level 9 of the Dungeon)
 14086 | D:9      | Learned a level 3 spell: Ozocubu's Armour
 14128 | D:9      | Found a runed translucent gate.
 14135 | D:9      | Found a runed translucent gate.
 14136 | D:9      | Found a runed translucent gate.
 14137 | D:9      | Noticed Frank2's ghost (novice DgGl)
 14402 | D:10     | Entered Level 10 of the Dungeon
 14670 | D:10     | Reached **** piety under Vehumet
 14804 | D:10     | Reached XP level 12. HP: 59/59 MP: 10/31
 15145 | D:10     | Noticed a centaur warrior
 15150 | D:10     | Killed a centaur warrior
 15272 | D:10     | Found a runed translucent gate.
 15272 | D:10     | Found a runed translucent gate.
 15272 | D:10     | Found a runed translucent gate.
 15272 | D:10     | Noticed Acheron's ghost (novice GrGl)
 15736 | Lair:2   | Killed a catoblepas
 15985 | Lair:2   | Noticed a dire elephant
 16005 | Lair:2   | Found a runed translucent door.
 16051 | Lair:2   | Killed a death yak
 16382 | Lair:3   | Found a gate leading to a gauntlet.
 16396 | Gauntlet | Entered a Gauntlet
 16396 | Gauntlet | Found a transporter.
 16403 | Gauntlet | Found a transporter.
 16405 | Gauntlet | Found a transporter.
 16416 | Gauntlet | Found a transporter.
 16418 | Gauntlet | Found a transporter.
 16430 | Gauntlet | Found a transporter.
 16438 | Gauntlet | Found a transporter.
 16440 | Gauntlet | Found the +8 glaive of the Guard {elec, +Rage AC+5 SInv}
 16451 | Gauntlet | Found a runed translucent door.
 16454 | Gauntlet | Found a transporter.
 16464 | Gauntlet | Found a transporter.
 16481 | Gauntlet | Found a transporter.
 16490 | Gauntlet | Found a runed translucent door.
 16492 | Gauntlet | Found a transporter.
 16492 | Gauntlet | Found a transporter.
 16495 | Gauntlet | Found a runed translucent door.
 16534 | Gauntlet | Found a transporter.
 16548 | Gauntlet | Found a transporter.
 16999 | Gauntlet | Offered knowledge of Ignite Poison by Vehumet.
 16999 | Gauntlet | Reached skill level 10 in Summonings
 17008 | Gauntlet | Got a pair of smoking boots
 17054 | Gauntlet | Identified the +0 pair of boots "Qeucauss" {rPois Dex+6
                  | Stlth-} (You found it in a Gauntlet)
 17097 | Gauntlet | Identified the +7 trident "Urupom" {vamp, Str+3}
 17097 | Gauntlet | Identified the cursed +3 arbalest "Reskel" {penet, rC-
                  | rN+++ Int+2 SInv}
 17097 | Gauntlet | Noticed a minotaur
 17115 | Gauntlet | Hit by a poisoned javelin thrown by a minotaur

Skill      XL: |  1  2  3  4  5  6  7  8  9 10 11 12 |
---------------+-------------------------------------+-----
Conjurations   | 2 3 4 8 11 | 11.3
Summonings     | 3 4 8 10 | 10.2
Spellcasting   | 7 10 11 12 13 | 13.4
Ice Magic      | 4 10 | 10.0
Evocations     | 6 |  6.5
Dodging        | |  2.4
Stealth        | |  2.4
Translocations | |  1.1

Action                   |  1- 3 |  4- 6 |  7- 9 | 10-12 || total
-------------------------+-------+-------+-------+-------++-------
Melee: Short sword       |     2 |       |       |       ||     2
       Staff             |       |     1 |    10 |     2 ||    13
 Cast: Magic Dart        |   104 |   130 |   332 |   277 ||   843
       Conjure Flame     |       |     5 |    26 |    32 ||    63
       Mephitic Cloud    |       |     2 |    13 |    25 ||    40
       Call Imp          |       |     1 |     3 |     6 ||    10
       Blink             |       |       |     8 |    15 ||    23
       Freeze            |       |       |       |    77 ||    77
       Searing Ray       |       |       |       |    36 ||    36
       Summon Ice Beast  |       |       |       |    32 ||    32
       Throw Icicle      |       |       |       |    21 ||    21
       Freezing Cloud    |       |       |       |    11 ||    11
       Ice Form          |       |       |       |     3 ||     3
       Ozocubu's Armour  |       |       |       |     2 ||     2
Evoke: Wand              |       |       |       |     2 ||     2
  Use: Scroll            |       |     8 |     2 |     4 ||    14
       Potion            |       |       |     1 |     5 ||     6
  Eat: Chunk             |     1 |     9 |    13 |    20 ||    43
       Ration            |       |       |       |     2 ||     2
Armor: Robe              |     1 |     1 |    14 |     6 ||    22
       Leather armour    |       |       |       |    17 ||    17
       Skin              |       |       |       |     1 ||     1
Dodge: Dodged            |    12 |     4 |    54 |    79 ||   149
